 Dungeon Crawl Stone Soup version 0.26-b1-32-g5d43845318 (webtiles) character file.

Game seed: 15234636766905227687

12 MisterFreud the Digger (level 2, 0/17 HPs)
             Began as an Octopode Earth Elementalist on Jan 11, 2021.
             Slain by a hobgoblin (1 damage)
             ... on level 1 of the Dungeon.
             The game lasted 00:00:49 (573 turns).

MisterFreud the Digger (Octopode Earth Elementalist) Turns: 573, Time: 00:00:50

Health: 0/17       AC:  1    Str:  7    XL:     2   Next: 33%
Magic:  2/5        EV: 13    Int: 17    God:
Gold:   21         SH:  0    Dex: 12    Spells: 4/5 levels left

rFire    . . .     SeeInvis .   (no weapon)
rCold    . . .     Faith    .   (no shield)
rNeg     . . .     Spirit   .   (helmet restricted)
rPois    .         Reflect  .   (no amulet)
rElec    .         Harm     .   (no ring)
rCorr    .         Rampage  .   (no ring)
Will     .....                  (no ring)
Stlth    +++.......             (no ring)
HPRegen  0.05/turn              (no ring)
MPRegen  0.09/turn              (no ring)
                                (no ring)
                                (no ring)

@: attractive
A: almost no armour, stealthy swim, amphibious, 8 rings, constrict 8, camouflage
1, gelatinous body 1
a: no special abilities


You were on level 1 of the Dungeon.
You visited 1 branch of the dungeon, and saw 1 of its levels.

You collected 21 gold pieces.

Inventory:

Missiles
 b - 27 stones (quivered)
 f - 27 sling bullets
Scrolls
 a - a scroll of enchant armour {unknown}
 d - a scroll of teleportation {unknown}
 e - a scroll of random uselessness {unknown}


   Skills:
 - Level 2.0 Dodging
 - Level 2.6 Stealth
 - Level 2.0 Spellcasting
 - Level 1.0 Transmutations
 + Level 3.7 Earth Magic


You had 4 spell levels left.
You knew the following spells:

 Your Spells              Type           Power        Failure   Level
a - Sandblast             Erth           28%          4%          1

Your spell library contained the following spells:

 Spells                   Type           Power        Failure   Level
 Passwall                 Tmut/Erth      7%           11%         2
 Stone Arrow              Conj/Erth      16%          26%         3
 Petrify                  Tmut/Erth      9%           58%         4
 Lee's Rapid Deconstruct  Erth           7%           75%         5


Dungeon Overview and Level Annotations

Branches:
Dungeon (1/15)

Altars:


Innate Abilities, Weirdness & Mutations

You cannot wear most types of armour.
You are very stealthy in the water. (Stealth+)
You are amphibious.
You can wear up to eight rings at the same time.
You can use your tentacles to constrict eight enemies at once.
Your skin changes colour to match your surroundings (Stealth+).
Your rubbery body absorbs attacks. (AC +1, EV +1)


Message History

The bat barely misses you.
You tentacle-slap the bat. You grab the bat.
The bat is moderately wounded.
You constrict the bat. The bat completely misses you.
The bat escapes!
You completely miss the hobgoblin. Your grab misses the hobgoblin.
The hobgoblin hits you.
* * * LOW HITPOINT WARNING * * *
Casting: Sandblast (safe; 4% risk of failure)
Confirm with . or Enter, or press ? or * to list all spells.
Aiming: Sandblast (safe; 4% risk of failure)
Press: ? - help, Shift-Dir - straight line, f - hobgoblin
Aim: a hobgoblin (21% to evade)
The blast of sand misses the hobgoblin.
The blast of sand hits the bat.
You kill the bat!
b - 27 stones The hobgoblin misses you.
It was a potion of attraction.
You feel attractive to monsters. The hobgoblin hits you.
You die...

#.# #. #.# .#
###.### .#
#..)†.# .#
#.....## .?
#......# .#
#......# .#
#......#
#####?##..#
######.#
#.@gK....(# #.#
##(###......# #.#
#..)# .....(.
#.###.#.# #.....#
#.#...#...##...##
#.#.#####.# #!##
#.#...# ..# .#
#.###.#.### .
#.###.....##


You could see a hobgoblin and a kobold.

Vanquished Creatures
  A dart slug (D:1)
  A giant cockroach (D:1)
  2 goblins (D:1)
  2 hobgoblins (D:1)
  3 bats (D:1)
  A kobold (D:1)
10 creatures vanquished.

Notes
Turn   | Place    | Note
-------+----------+-------------------------------------------
     0 | D:1      | MisterFreud the Octopode Earth Elementalist began the quest
                  | for the Orb.
     0 | D:1      | Reached XP level 1. HP: 11/11 MP: 3/3
   458 | D:1      | Reached XP level 2. HP: 13/17 MP: 5/5
   573 | D:1      | Slain by a hobgoblin

Illustrated notes

Levels and vault maps discovered:
D:1:      heliophobic_arrival_ceremonial_halls, layout_loops_ring,
          minmay_misc_feat_room, minmay_tree_intersection

Action                   || total
-------------------------++-------
Melee: Unarmed           ||    31
       Constrict         ||    11
       Tentacles         ||     4
 Cast: Sandblast         ||     3
  Use: Potion            ||     1
 Stab: Sleeping          ||     4
Armor: Skin              ||     5
Dodge: Dodged            ||    34
